 Dungeon Crawl Stone Soup version 0.27-a0-404-g4390dbc5be (webtiles) character file.

Game seed: 1078466770529648027

18 Headbutt the Ducker (level 2, -2/25 HPs)
             Began as a Minotaur Gladiator on Feb 22, 2021.
             Slain by an ooze (5 damage)
             ... on level 1 of the Dungeon.
             The game lasted 00:06:07 (1635 turns).

Headbutt the Ducker (Minotaur Gladiator)            Turns: 1635, Time: 00:06:08

Health: -2/25      AC:  3    Str: 18    XL:     2   Next: 51%
Magic:  1/1        EV: 13    Int:  5    God:
Gold:   53         SH:  0    Dex: 11    Spells: 1/1 levels left

rFire    . . .     SeeInvis .     - Unarmed
rCold    . . .     Faith    .   (no shield)
rNeg     . . .     Spirit   .   a - +0 leather armour
rPois    .         Reflect  .   b - +0 hat
rElec    .         Harm     .   (no cloak)
rCorr    .         Rampage  .   (no gloves)
Will     .....                  (no boots)
Stlth    +.........             (no amulet)
HPRegen  0.08/turn              (no ring)
MPRegen  0.07/turn              (no ring)

@: no status effects
A: retaliatory headbutt, horns 2
a: no special abilities


You were on level 1 of the Dungeon.
You visited 1 branch of the dungeon, and saw 1 of its levels.

You collected 53 gold pieces.

Inventory:

Armour
 a - a +0 leather armour (worn)
 b - a +0 hat (worn)
Scrolls
 f - a scroll of fog {unknown}
 g - a scroll of identify {unknown}
 h - a scroll of amnesia {unknown}
Potions
 c - a potion of flight {unknown}
 d - a potion of heal wounds {unknown}
 e - a potion of magic {unknown}


   Skills:
 - Level 2.4 Fighting
 - Level 2.0 Throwing
 + Level 4.3 Dodging
 - Level 3.2 Unarmed Combat


You had one spell level left.
You didn't know any spells.
Your spell library was empty.

Dungeon Overview and Level Annotations

Branches:
Dungeon (1/15)

Altars:


Innate Abilities, Weirdness & Mutations

You reflexively headbutt those who attack you in melee.
You have a pair of horns on your head.


Message History

There is an open door here.
You see here a +0 club.
You see here a +0 club.
There is an open door here.
There is an open door here.
You see here a +0 club.
You see here a +0 club.
There is an open door here.
The ooze jiggles.
There is an open door here.
You see here a +0 club.
You see here a +0 club.
There is an open door here.
The ooze hits you. The ooze hits you. The ooze hits you. The ooze hits you.
The ooze barely misses you. The ooze barely misses you. The ooze hits you.
The ooze misses you. The ooze completely misses you. You furiously retaliate!
You headbutt the ooze! The ooze hits you.
* * * LOW HITPOINT WARNING * * *
Press: ? - help, v - describe, . - travel
Here: an ooze (almost dead)
The floor.
Unknown command.
The ooze barely misses you. The ooze hits you but does no damage.
The ooze hits you.
* * * LOW HITPOINT WARNING * * *
The ooze hits you but does no damage. The ooze misses you.
The ooze closely misses you. The ooze hits you.
* * * LOW HITPOINT WARNING * * *
There is an open door here.
The ooze hits you.
You die...

#############
##########...)..@....##
.......##..####J####..##
..........##PP#.#PP##..##
........###P≈≈#.#PPP##..#
......)###P≈≈≈#.#...P##)#
.......##P≈≈≈≈#.#..PPP#.#
.......##P≈≈≈≈#.#....P#.#
........#######.#######.#######
........+......<......'.......#


You could see an ooze.

Vanquished Creatures
  3 bats
  2 goblins
  5 hobgoblins
  A kobold
  2 frilled lizards
  4 rats
17 creatures vanquished.

Notes
Turn   | Place    | Note
-------+----------+-------------------------------------------
     0 | D:1      | Headbutt the Minotaur Gladiator began the quest for the
                  | Orb.
     0 | D:1      | Reached XP level 1. HP: 18/18 MP: 0/0
   997 | D:1      | Reached XP level 2. HP: 25/25 MP: 1/1
  1017 | D:1      | Reached skill level 4 in Dodging
  1450 | D:1      | HP: 5/25 [ooze (3)]
  1613 | D:1      | HP: 4/25 [ooze (2)]
  1620 | D:1      | HP: 2/25 [ooze (2)]
  1635 | D:1      | Slain by an ooze

Illustrated notes

Levels and vault maps discovered:
D:1:      psy_arrival_terrarium, layout_basic, minivault_11

Skill      XL: |  1  2 |
---------------+-------+-----
Dodging        | 4 |  4.3
Fighting       | |  2.4
Throwing       | |  2.0
Unarmed Combat | |  3.2

Action                   || total
-------------------------++-------
Armor: Leather armour    ||    21
Dodge: Dodged            ||    76

Table legend: (Time is in decaauts)
 A = Elapsed time spent in this place.
 B = Non-inter-level travel time spent in this place.
 C = Inter-level travel time spent in this place.
 D = Time resting spent in this place.
 E = Time spent auto-exploring this place.
 F = Levels seen in this place.
 G = Mean time per level.
                   A        B        C        D        E       F      G
               +--------+--------+--------+--------+--------+-----+--------+
         Total |   1635 |   1635 |      0 |    286 |    215 |   1 | 1635.0 |
       Dungeon |   1635 |   1635 |      0 |    286 |    215 |   1 | 1635.0 |
               +--------+--------+--------+--------+--------+-----+--------+

Top non-repeatable levels by time:
     D:1: 1635 daAuts
